 Dungeon Crawl Stone Soup version 0.22-a0-858-g985ef60 (webtiles) character file.

72 Mgcat the Shield-Bearer (level 4, -2/44 HPs)
             Began as a Troll Fighter on July 27, 2018.
             Slain by an orc priest
             ... wielding a cursed +0 whip
              (5 damage)
             ... on level 3 of the Dungeon.
             The game lasted 00:03:52 (1727 turns).

Mgcat the Shield-Bearer (Troll Fighter)             Turns: 1727, Time: 00:03:53

Health: -2/44      AC:  6    Str: 30    XL:     4   Next: 6%
Magic:  3/3        EV:  8    Int:  4    God:
Gold:   51         SH:  9    Dex:  9    Spells: 3/3 levels left

rFire    . . .     SeeInvis .     - Unarmed
rCold    . . .     Gourm    +   b - +0 shield
rNeg     . . .     Faith    .   a - +0 robe
rPois    .         Spirit   .   (helmet restricted)
rElec    .         Reflect  .   p - +0 cloak
rCorr    .         Harm     .   (gloves unavailable)
MR       .....                  (boots unavailable)
Stlth    +.........             (no amulet)
HPRegen  0.54/turn              (no ring)
MPRegen  0.08/turn              (no ring)

@: mighty
A: large, unfitting armour, claws 3, fast metabolism 3, gourmand, regeneration
1, shaggy fur 1, tough skin 2
a: no special abilities


You were on level 3 of the Dungeon.
You were very full.

You visited 1 branch of the dungeon, and saw 3 of its levels.

You collected 51 gold pieces.

Inventory:

Hand Weapons
 e - a +0 short sword
   (You took it off a kobold on level 1 of the Dungeon)
 f - a +0 short sword
   (You took it off a kobold on level 1 of the Dungeon)
 i - a +0 whip
   (You took it off a kobold on level 1 of the Dungeon)
 j - a +0 club
   (You took it off a goblin on level 1 of the Dungeon)
 k - a +0 club
   (You took it off a goblin on level 1 of the Dungeon)
 l - a +0 club
   (You took it off a goblin on level 1 of the Dungeon)
 m - a +0 dagger
   (You took it off a goblin on level 1 of the Dungeon)
 o - a +0 hunting sling
   (You found it on level 2 of the Dungeon)
 q - a +0 club
   (You took it off a goblin on level 2 of the Dungeon)
 s - a +0 dagger
   (You took it off a goblin on level 2 of the Dungeon)
 t - a +0 short sword
   (You found it on level 2 of the Dungeon)
 u - a +0 club
   (You took it off a goblin on level 2 of the Dungeon)
 v - a +0 hunting sling
   (You took it off a goblin on level 3 of the Dungeon)
 w - a cursed +0 mace
   (You found it on level 3 of the Dungeon)
Armour
 a - a +0 robe (worn)
 b - a +0 shield (worn)
 p - a +0 cloak (worn)
   (You found it on level 2 of the Dungeon)
Scrolls
 h - a scroll of magic mapping {unknown}
 n - 3 scrolls of identify {unknown}
 x - a scroll of blinking {unknown}
Potions
 g - 2 potions of curing {unknown}
Comestibles
 d - 5 rations
 r - 2 chunks of flesh {@w0}


   Skills:
 + Level 2.9 Fighting
 + Level 2.9 Dodging
 + Level 3.0 Shields
 + Level 2.7 Unarmed Combat


You had 3 spell levels left.
You didn't know any spells.
Your spell library was empty.

Dungeon Overview and Level Annotations

Branches:
Dungeon (3/15)

Altars:


Innate Abilities, Weirdness & Mutations

You are too large for most types of armour.
You have claws for hands.
Your metabolism is lightning-fast.
You like to eat raw meat.
Your natural rate of healing is unusually fast.
You are covered in fur. (AC +1)
You have very tough skin. (AC +2)


Message History

You see here a jackal corpse.
You scratch the kobold but do no damage.
The kobold closely misses you.
You claw the kobold!
You kill the kobold!
The jackal barely misses you. You block the jackal's attack.
You see here a kobold corpse.
You barely miss the jackal.
The jackal bites you but does no damage.
You closely miss the jackal. The jackal closely misses you.
You claw the jackal!
You kill the jackal!
You block the jackal's attack.
You closely miss the jackal. You block the jackal's attack.
You scratch the jackal but do no damage.
You block the jackal's attack.
The jackal bites you but does no damage.
You barely miss the jackal. The jackal bites you.
You scratch the jackal.
The jackal is almost dead.
You block the jackal's attack. x2
A jackal is nearby!
You closely miss the jackal.
The jackal is almost dead.
The jackal bites you but does no damage.
A jackal is nearby!
You claw the jackal!
You kill the jackal!
No target in view!
Eating a chunk of flesh {@w0}.
You eat the chunk of flesh {@w0}.
This raw flesh tastes great.
You butcher the jackal corpse.
r - a chunk of flesh {@w0} You see here a kobold corpse.
You butcher the jackal corpse.
r - 2 chunks of flesh {@w0} (gained 1)
You see here a jackal skeleton. x2
Key pressed, stopping explore.
Key pressed, stopping explore.
You now have 51 gold pieces (gained 11).
Found a glowing morningstar.
No target in view!
No target in view!
You see here a glowing morningstar.
Found a stone staircase leading down.
No target in view!
There is a stone staircase leading down here.
n - 3 scrolls labeled OKHLON QEITTAOC (gained 1)
An orc priest comes into view. It is wielding a whip.
The orc priest shouts!
You hear a shout!
An orc comes into view.
Found a stone staircase leading up.
The orc priest begins to cast a cantrip, but forgets the words!
An orc comes into view. It is wielding a dagger.
The orc shouts!
You hear a shout!
The orc priest hits you but does no damage.
An orc comes into view. It is wielding a flail.
A frilled lizard comes into view.
You closely miss the orc priest.
The frilled lizard hisses angrily.
An orc priest comes into view. It is wielding a club.
The orc priest hits you with a whip.
You closely miss the orc priest.
The orc shouts!
The orc priest hits you with a whip.
The orc priest looks satisfied for a moment.
You scratch the orc priest.
The orc priest is moderately wounded.
The orc priest calls down the wrath of Beogh upon you.
Pain shoots through your body!
You are too injured to fight recklessly!
You are too injured to fight recklessly!
You are too injured to fight recklessly!
You are too injured to fight recklessly!
You scratch the orc priest.
The orc priest is heavily wounded.
The orc priest invokes the aid of Beogh against you.
Beogh smites you!
* * * LOW HITPOINT WARNING * * *
You scratch the orc priest.
The orc priest is severely wounded.
The orc priest closely misses you.
You scratch the orc priest but do no damage.
The orc priest is severely wounded.
You block the orc priest's attack.
You scratch the orc priest but do no damage.
The orc priest is severely wounded.
The orc priest hits you with a whip.
* * * LOW HITPOINT WARNING * * *
You feel very mighty all of a sudden. The orc priest hits you with a whip.
* * * LOW HITPOINT WARNING * * *
You closely miss the orc priest.
The orc priest is severely wounded.
The orc priest hits you with a whip.
* * * LOW HITPOINT WARNING * * *
You closely miss the orc priest.
The orc priest is severely wounded.
The orc priest hits you with a whip.
You die...

##.
########o....
#....@oo#
#.#####oo.<..
#.# l.... #.#
#.#. #># ..
#.# . #.# #.#
#.###


You could see 2 orc priests, 3 orcs and a frilled lizard.

Vanquished Creatures
  A gnoll (D:1)
  An adder (D:2)
  3 dart slugs
  A ball python (D:2)
  9 goblins
  3 hobgoblins (D:2)
  4 jackals (D:3)
  A quokka (D:2)
  4 bats
  4 frilled lizards
  8 kobolds
  6 rats
45 creatures vanquished.

Notes
Turn   | Place    | Note
-------+----------+-------------------------------------------
     0 | D:1      | Mgcat the Troll Fighter began the quest for the Orb.
     0 | D:1      | Reached XP level 1. HP: 22/22 MP: 0/0
   117 | D:1      | Reached XP level 2. HP: 26/29 MP: 1/1
   579 | D:1      | Reached XP level 3. HP: 35/36 MP: 2/2
  1605 | D:3      | Reached skill level 3 in Shields
  1605 | D:3      | Reached XP level 4. HP: 44/44 MP: 3/3
  1721 | D:3      | HP: 11/44 [orc priest/divine providence (16)]
  1726 | D:3      | HP: 3/44 [orc priest/whip (4)]
  1727 | D:3      | Slain by an orc priest

Vault maps used:
D:1:      ncdulo_wetmaze, skrybe_limestone_x, minmay_misc_feat_ornament
D:3:      first_ration, uniq_jessica, uniq_terence

Skill      XL: |  1  2  3 |
---------------+----------+-----
Shields        | 3 |  3.0
Fighting       | |  2.9
Dodging        | |  2.9
Unarmed Combat | |  2.7

Action                   |  1- 3 |  4- 6 || total
-------------------------+-------+-------++-------
Melee: Unarmed           |   140 |    20 ||   160
  Use: Potion            |       |     1 ||     1
  Eat: Chunk             |    20 |     1 ||    21
Armor: Robe              |    38 |     4 ||    42
Dodge: Dodged            |    39 |     4 ||    43
Block: Shield            |    63 |     8 ||    71

Table legend:
 A = Spawn XP
 B = Non-spawn XP
 C = Spawn XP percentage of total XP
 D = Spawn monster count
 E = Non-spawn monster count
 F = Spawn count percentage of total count
 G = Total turns spent on level
                    A         B        C        D         E        F      G
               +---------+---------+-------+---------+---------+-------+---------
         Total |       0 |     103 |   0.0 |       0 |      45 |   0.0 |  1727
               +---------+---------+-------+---------+---------+-------+---------
           D:1 |       0 |      47 |   0.0 |       0 |      20 |   0.0 |   826
           D:2 |       0 |      44 |   0.0 |       0 |      18 |   0.0 |   719
           D:3 |       0 |      12 |   0.0 |       0 |       7 |   0.0 |   182
               +---------+---------+-------+---------+---------+-------+---------

Vault maps used:
D:1:      ncdulo_wetmaze, skrybe_limestone_x, minmay_misc_feat_ornament
D:3:      first_ration, uniq_jessica, uniq_terence

Table legend:
 A = Turns spent in this place as a percentage of turns spent in the entire game.
 B = Non-inter-level travel turns spent in this place as a percentage of non-inter-level travel turns spent in the entire game.
 C = Inter-level travel turns spent in this place as a percentage of turns spent in this place.
 D = Turns resting spent in this place as a percentage of non-inter-level travel turns spent in this place.
 E = Turns spent auto-exploring this place as a percentage of non-inter-level travel turns spent in this place.
 F = Non-inter-level travel turns spent in this place divided by the number of levels of this place that you've seen.
                   A       B       C       D       E      F
               +-------+-------+-------+-------+-------+----------------------
         Total | 100.0 | 100.0 |   4.8 |   0.0 |  81.6 | 548.0
       Dungeon | 100.0 | 100.0 |   4.8 |   0.0 |  81.6 | 548.0
               +-------+-------+-------+-------+-------+----------------------

Table legend:
 A = Kills in this place as a percentage of kills in entire the game.
 B = Kills by you in this place as a percentage of kills by you in the entire game.
 C = Kills by friends in this place as a percentage of kills by friends in the entire game.
 D = Other kills in this place as a percentage of other kills in the entire game.
 E = Experience gained in this place as a percentage of experience gained in the entire game.
 F = Experience gained in this place divided by the number of levels of this place that you have seen.
                   A       B       C       D       E      F
               +-------+-------+-------+-------+-------+----------------------
         Total | 100.0 | 100.0 |   N/A |   N/A | 100.0 |  34.3
       Dungeon | 100.0 | 100.0 |   N/A |   N/A | 100.0 |  34.3
               +-------+-------+-------+-------+-------+----------------------
